Map: Automaton LE

Players

Throwfordays - Winner!

  • Race: Protoss Protoss
  • League: Silver
  • Spawn Location: 9:00

culero

  • Race: Zerg Zerg
  • League: Silver
  • Spawn Location: 3:00

VOD

Have the link to the VOD?

Description

Time

  • Played on: April 3, 2019, 2:54 p.m.
  • Length: 12:03
Show
View Real Time Build Order
Export as new Build Order

Throwfordays Protoss - Winner!

Build Orders:  

Get SALT Encoding   

  12  0:00  Probe  
  13  0:12  Probe  
  14  0:20  Pylon  
  14  0:25  Probe  
  15  0:34  Probe  
  15  0:42  Probe  
  17  0:51  Gateway  
  17  0:52  Probe  
  18  1:03  Gateway  
  18  1:05  Probe  
  19  1:18  Assimilator  
  19  1:28  Pylon  
  19  1:32  Probe  
  20  1:38  Cybernetics Core  
  20  1:44  Gateway, Probe  
  21  1:54  Probe  
  21  2:00  Assimilator  
  22  2:02  Probe  
  22  2:04  Warp Gate  
  23  2:11  Gateway, Probe  
  24  2:26  Stalker  
  26  2:32  Forge  
  26  2:40  Stalker  
  28  3:03  Adept  
  28  3:04  Protoss Ground Weapons Level 1  
  30  3:08  Pylon  
  30  3:24  Pylon  
  30  3:26  Adept x2  
  34  3:31  Adept  
  36  3:55  Nexus  
  36  4:07  Sentry  
  38  4:39  Stalker x4  
  42  5:18  Stalker x4  
  42  5:55  Adept x2  
  42  5:56  Adept x2  
  34  6:21  Adept x4  
  40  6:27  Probe  
  40  6:29  Protoss Ground Armor Level 1  
  37  6:34  Probe  
  37  6:35  Probe  
  39  6:44  Probe  
  39  6:47  Probe  
  39  6:57  Probe  
  39  6:59  Probe  
  39  7:09  Probe  
  39  7:11  Probe  
  39  7:25  Adept x4  
  39  7:28  Probe  
  48  7:32  Assimilator  
  48  7:36  Assimilator  
  46  7:37  Pylon  
  46  7:40  Probe  
  47  7:52  Probe  
  48  8:04  Probe  
  47  8:16  Probe  
  48  8:21  Stalker x2  
  48  8:22  Stalker x2  
  52  8:30  Gateway  
  52  8:32  Gateway  
  52  8:34  Robotics Facility  
  50  8:36  Robotics Facility  
  50  8:45  Probe  
  50  8:47  Twilight Council  
  51  8:50  Stalker x3  
  51  8:51  Stalker  
  59  8:57  Probe  
  60  9:15  Immortal  
  62  9:24  Nexus  
  62  9:31  Pylon  
  62  9:39  Immortal  
  62  9:49  Pylon  
  62  9:50  Immortal  
  70  10:08  Pylon  
  70  10:09  Immortal  
  70  10:10  Pylon  
  74  10:22  Immortal  
  74  10:29  Stalker  
  74  10:30  Stalker  
  82  10:36  Stalker  
  84  10:43  Stalker  
  84  10:44  Stalker, Probe  
  89  10:52  Probe  
  90  11:02  Probe  
  91  11:14  Probe  
  92  11:26  Probe  
Show
View Real Time Build Order
Export as new Build Order

culero Zerg 

Build Orders: Hatch First 

Get SALT Encoding   

  12  0:01  Drone  
  13  0:12  Overlord  
  13  0:18  Drone  
  14  0:31  Drone  
  14  0:32  Drone  
  14  0:35  Drone  
  17  0:56  Hatchery  
  16  0:57  Drone  
  17  1:13  Spawning Pool  
  17  1:18  Drone x2  
  18  1:27  Drone  
  18  1:30  Overlord  
  19  1:39  Extractor  
  18  1:55  Drone  
  18  1:56  Drone  
  18  2:01  Queen  
  22  2:09  Queen  
  22  2:13  Drone x3  
  27  2:26  Drone x2  
  29  2:31  Spine Crawler  
  29  2:36  Drone x2  
  30  2:42  Overlord  
  30  2:53  Drone x2  
  30  2:56  Drone  
  33  3:16  Drone  
  33  3:17  Drone x5  
  39  3:42  Roach Warren  
  39  3:43  Evolution Chamber  
  37  3:53  Evolution Chamber  
  36  3:58  Queen  
  36  3:59  Drone x2  
  36  4:00  Drone  
  36  4:01  Overlord  
  36  4:02  Overlord x6  
  41  4:05  Drone  
  41  4:09  Extractor  
  41  4:12  Extractor  
  41  4:14  Zerg Missile Weapons Level 1  
  40  4:25  Roach x3  
  46  4:40  Extractor  
  46  4:42  Roach x3  
  51  4:55  Roach  
  51  5:09  Roach Warren  
  51  5:10  Queen  
  50  5:23  Roach Warren  
  49  5:32  Zergling x24  
  57  5:39  Queen  
  48  5:59  Drone  
  48  6:00  Drone x3  
  45  6:18  Roach Warren  
  42  6:29  Drone x3  
  42  6:30  Drone x3  
  44  6:49  Evolution Chamber  
  43  7:00  Roach  
  43  7:01  Roach x3  
  50  7:02  Roach x4  
  53  7:16  Queen  
  53  7:17  Queen  
  53  7:21  Drone x3  
  53  7:22  Drone  
  57  7:25  Zerg Ground Armor Level 1  
  56  7:30  Drone x3  
  59  7:51  Drone x3  
  61  7:52  Drone  
  61  7:53  Drone x2  
  59  8:24  Drone x2  
  59  8:26  Drone x4  
  63  8:34  Roach x5  
  73  8:44  Spine Crawler  
  73  8:46  Spine Crawler  
  73  8:47  Drone  
  72  8:49  Drone  
  73  9:07  Lair  
  73  9:17  Roach x2  
  73  9:23  Overlord x5  
  73  9:24  Overlord x2  
  73  9:46  Drone x2  
  73  9:47  Drone  
  73  9:50  Hatchery  
  73  9:52  Extractor  
  74  9:53  Queen  
  74  9:56  Extractor  
  75  10:06  Overseer  
  75  10:33  Hydralisk Den  
  74  10:46  Infestation Pit  
  73  11:09  Drone  
  73  11:10  Drone x9  
  83  11:18  Hydralisk x6  
  81  11:19  Hydralisk x5  
Tags
 
Matchup
PvZ
Replay Pack
Multiplayer
Spawn Locations
Cross Positions
Add a new tag
Caveats
  • Supply blocks, unpowered buildings, or Contaminate may cause inaccurate times.
  • Supply counts are checked every 10 seconds.